 Dungeon Crawl Stone Soup version 0.30.0-11-gf55b779eaf (webtiles) character file.

Game seed: 17664012473280149598

659 AlmostDecent the Chopper (level 7, -2/54 HPs)
             Began as a Demonspawn Fighter on May 17, 2023.
             Was an Initiate of Makhleb.
             Slain by a phantom (4 damage)
             ... on level 4 of the Dungeon.
             The game lasted 00:09:36 (4218 turns).

AlmostDecent the Chopper (Demonspawn Fighter)       Turns: 4218, Time: 00:09:36

Health: -2/54      AC:  8    Str: 19    XL:     7   Next: 30%
Magic:  7/7        EV: 15    Int:  9    God:    Makhleb [......]
Gold:   146        SH:  4    Dex: 12    Spells: 6/6 levels left

rFire   . . .        a - +0 war axe
rCold   . . .        c - +0 buckler
rNeg    . . .        b - +0 scale mail
rPois   .            i - +0 helmet
rElec   .            q - +0 cloak
rCorr   .            (gloves unavailable)
SInv    .            (no boots)
Will    .....        (no amulet) Stlth
                     (no ring)
HPRegen 0.29/turn    (no ring)
MPRegen 0.10/turn

%: no passive effects
@: mighty, agile
A: claws 3, powered by pain 1
a: Renounce Religion


You were on level 4 of the Dungeon.
You worshipped Makhleb.
Makhleb was noncommittal.
You visited 2 branches of the dungeon, and saw 5 of its levels.
You also visited: Sewer.

You collected 146 gold pieces.

Inventory:

Hand Weapons
 a - a +0 war axe (weapon)
Armour
 b - a +0 scale mail (worn)
 c - a +0 buckler (worn)
 i - a +0 helmet (worn)
 q - a +0 cloak (worn)
Wands
 y - a wand of acid (4)
Scrolls
 e - 2 scrolls of fog {unknown}
 g - 4 scrolls of immolation {unknown}
 h - 2 scrolls of magic mapping {unknown}
 k - 2 scrolls of enchant weapon {unknown}
 m - a scroll of enchant armour {unknown}
 p - a scroll of silence {unknown}
 r - a scroll of amnesia {unknown}
 s - 2 scrolls of blinking {unknown}
 t - 3 scrolls of identify {unknown}
 u - a scroll of vulnerability {unknown}
 w - 2 scrolls of teleportation {unknown}
 x - a scroll of noise {unknown}
Potions
 f - 2 potions of brilliance {unknown}
 j - 4 potions of heal wounds {unknown}
 l - 5 potions of attraction {unknown}
 n - 2 potions of magic {unknown}
 o - 2 potions of haste {unknown}
 v - a potion of flight {unknown}
 z - a potion of curing {unknown}
 A - a potion of ambrosia {unknown}


   Skills:
 + Level 4.2 Fighting
 * Level 6.5 Axes
 - Level 2.6 Armour
 + Level 2.0 Dodging
 + Level 0.1 Stealth
 - Level 2.6 Shields


You had 6 spell levels left.
You didn't know any spells.
Your spell library contained the following spells:

 Spells                   Type           Power      Damage    Failure   Level
 Beastly Appendage        Tmut           0%         N/A       83%         1
 Wereblood                Tmut           0%         N/A       93%         2
 Dazzling Flash           Conj/Hex       0%         N/A       99%         3
 Ozocubu's Armour         Ice            0%         N/A       99%         3
 Spider Form              Tmut/Pois      0%         N/A       99%         3
 Volatile Blastmotes      Fire/Tloc      0%         2d10      99%         3
 Iskenderun's Mystic Bla  Conj/Tloc      0%         2d3       100%        4
 Agony                    Necr           0%         N/A       100%        5
 Metabolic Englaciation   Hex/Ice        0%         N/A       100%        5
 Silence                  Hex/Air        0%         N/A       100%        5
 Simulacrum               Ice/Necr       0%         N/A       100%        6
 Starburst                Conj/Fire      0%         6d3       100%        6


Dungeon Overview and Level Annotations

Branches:
Dungeon (4/15)             Temple (1/1) D:4           Sewer (visited)

Altars:
Ashenzari
Cheibriados
Dithmenos
Gozag
Hepliaklqana
Kikubaaqudgha
Makhleb
Nemelex Xobeh
Qazlal
Ru
Trog
Uskayaw
Wu Jian
Xom
Yredelemnul

Annotations:
D:2 1 runed translucent door, Crazy Yiuf


Innate Abilities, Weirdness & Mutations

You have claws for hands.
You sometimes gain a little power by taking damage.


Message History

No target in view!
No target in view!
No target in view!
Things that are here:
a +0 dagger; an orc corpse You see here a +0 club.
An ogre comes into view. It is wielding a +0 giant club.
The ogre shouts!
The ogre moves out of view.
No target in view!
No target in view!
No target in view!
A phantom comes into view.
You hit the ogre.
The ogre is lightly wounded.
The ogre closely misses you.
You hit the ogre but do no damage.
The ogre is lightly wounded.
The ogre hits you with a +0 giant club!
You focus on the pain.
You feel very mighty all of a sudden.
You slash the ogre!
The ogre is heavily wounded.
The ogre hits you with a +0 giant club!!
* * * LOW HITPOINT WARNING * * *
You focus on the pain.
You feel mightier all of a sudden.
You are too injured to fight recklessly!
You are too injured to fight recklessly!
You feel mightier all of a sudden.
You slash the ogre!
The ogre is severely wounded.
The ogre hits you with a +0 giant club!
* * * LOW HITPOINT WARNING * * *
You focus on the pain.
You feel agile all of a sudden.
You hit the ogre.
The ogre is almost dead.
You barely miss the phantom. The ogre completely misses you.
The phantom hits you.
You die...

##......# #.....###..#
##.....# #....## #.##
### ####### ###.## #.#
##.. # ### ##.## ##...
## ### ##...######....
.# ....##
###..#...##.).... .#
......##..#####....)....
.# .........##
##..)).... ## ......W@##
#........ # .......O#
##....... # ........#
#....... # ........#
##...... .......##
##..... ....... ##....
....... ##... ....###
##.# #.#


You could see an ogre and a phantom.

Vanquished Creatures
  An ogre (D:4)
  2 scorpions (D:4)
  A howler monkey (D:4)
  A hound (D:4)
  A jelly (D:4)
  Ijyb (D:3)
  An iguana (D:4)
  Natasha (thrice) (D:2)
  3 gnolls
  9 adders
  2 river rats (Sewer)
  An ufetubus (D:4)
  3 worms
  3 dart slugs
  4 orcs (D:4)
  16 ball pythons
  2 endoplasms
  4 giant cockroaches
  9 goblins
  9 hobgoblins
  4 jackals (D:2)
  3 quokkas
  7 bats
  8 frilled lizards
  4 kobolds
  10 rats
112 creatures vanquished.

Notes
Turn   | Place    | Note
-------+----------+-------------------------------------------
     0 | D:1      | AlmostDecent the Demonspawn Fighter began the quest for the
                  | Orb.
     0 | D:1      | Reached XP level 1. HP: 18/18 MP: 1/1
    77 | D:1      | Reached skill level 2 in Axes
   103 | D:1      | Gained mutation: You have sharp fingernails. [demonic
                  | ancestry]
   103 | D:1      | Reached XP level 2. HP: 23/24 MP: 2/2
   460 | D:1      | Reached XP level 3. HP: 28/29 MP: 3/3
   979 | D:2      | Noticed Natasha
   984 | D:2      | Killed Natasha
   985 | D:2      | Reached skill level 3 in Axes
  1061 | D:2      | Gained mutation: You sometimes gain a little power by
                  | taking damage. [demonic ancestry]
  1061 | D:2      | Reached XP level 4. HP: 28/36 MP: 4/4
  1104 | D:2      | Noticed Natasha
  1124 | D:2      | Killed Natasha
  1365 | D:2      | Found a runed translucent door.
  1366 | D:2      | Noticed Crazy Yiuf
  1433 | D:2      | Noticed Natasha
  1439 | D:2      | Killed Natasha
  1440 | D:2      | Reached skill level 4 in Axes
  1572 | D:3      | Reached XP level 5. HP: 41/42 MP: 5/5
  1753 | D:3      | Found a faded altar of an unknown god.
  1834 | D:3      | Found a hide-covered altar of Uskayaw.
  1918 | D:3      | Found a glowing drain.
  1923 | Sewer    | Entered a sewer
  2205 | Sewer    | Reached skill level 5 in Axes
  2557 | D:3      | Noticed Ijyb
  2572 | D:3      | HP: 2/42 [Ijyb/bolt of acid (3)]
  2575 | D:3      | Killed Ijyb
  2576 | D:3      | Reached skill level 1 in Dodging
  2576 | D:3      | Gained mutation: You have very sharp fingernails. [demonic
                  | ancestry]
  2576 | D:3      | Reached XP level 6. HP: 3/48 MP: 6/6
  3127 | D:4      | Found a staircase to the Ecumenical Temple.
  3137 | Temple   | Entered the Ecumenical Temple
  3331 | Temple   | Became a worshipper of Makhleb the Destroyer
  3393 | D:4      | Reached skill level 6 in Axes
  3418 | D:4      | Gained mutation: You have claws for hands. [demonic
                  | ancestry]
  3418 | D:4      | Reached XP level 7. HP: 50/54 MP: 7/7
  4217 | D:4      | HP: 1/54 [ogre/+0 giant club (13)]
  4218 | D:4      | Slain by a phantom

Illustrated notes

Levels and vault maps discovered:
D:1:      eino_arrival_water_star, layout_basic, chequers_jeans
D:2:      layout_rooms, uniq_crazy_yiuf_cottage, uniq_natasha
D:3:      layout_basic, mainiacjoe_overflow_brackets, gup_sewer_entry_bowl,
          dreamdust_ecumenical_altar_angels_and_demons, nicolae_half_adder,
          uniq_ijyb
D:4:      layout_cave_pods, minmay_temple_entry_large_hall
Temple:   minmay_crystal_spiral_temple

Skill      XL: |  1  2  3  4  5  6  7 |
---------------+----------------------+-----
Axes           | 2 3 4 5 6 |  6.5
Dodging        | 1 2 |  2.0
Fighting       | 4 |  4.2
Armour         | |  2.6
Stealth        | |  0.1
Shields        | |  2.6

Action                     |  1- 3 |  4- 6 |  7- 9 || total
---------------------------+-------+-------+-------++-------
  Melee: War axe           |    74 |   253 |    24 ||   351
    Use: Potion            |       |       |     1 ||     1
 Armour: Scale mail        |    30 |   116 |     2 ||   148
  Dodge: Dodged            |    33 |   159 |    15 ||   207
  Block: Buckler           |    22 |    50 |     6 ||    78
